 Dungeon Crawl Stone Soup version 0.24.0-13-gcf9b319 (webtiles) character file.

Game seed: 17736003158576368509, levelgen mode: deterministic

2088 Bronimir the Ogre Mage (level 9, -6/84 HPs)
             Began as an Ogre Wizard on Mar 26, 2020.
             Was an Initiate of Sif Muna.
             Shot with an arrow by a centaur warrior (19 damage)
             ... on level 8 of the Dungeon.
             The game lasted 00:29:43 (12346 turns).

Bronimir the Ogre Mage (Ogre Wizard)               Turns: 12346, Time: 00:29:44

Health: -6/84      AC:  5    Str: 15    XL:     9   Next: 27%
Magic:  11/19      EV: 11    Int: 20    God:    Sif Muna [......]
Gold:   433        SH:  0    Dex:  7    Spells: 12/22 levels left

rFire    . . .     SeeInvis .   Q - +0 halberd
rCold    + . .     Gourm    .   (shield currently unavailable)
rNeg     . . .     Faith    .   r - +0 animal skin
rPois    .         Spirit   .   b - +0 hat
rElec    .         Reflect  .   n - +1 cloak
rCorr    .         Harm     .   (gloves unavailable)
MR       +....                  (boots unavailable)
Stlth    +.........             (no amulet)
HPRegen  0.24/turn              D - ring of protection from cold
MPRegen  0.16/turn              H - ring of protection from magic

@: no status effects
A: large, unfitting armour, tough skin 1
a: Renounce Religion


You were on level 8 of the Dungeon.
You worshipped Sif Muna.
Sif Muna was noncommittal.
You were not hungry.

You visited 2 branches of the dungeon, and saw 9 of its levels.
You also visited: Sewer.

You collected 433 gold pieces.

Inventory:

Hand Weapons
 a - a +0 spear
 c - a +1 hand axe
 I - a +0 quarterstaff
 K - a +0 great mace
 L - a +0 giant club
 Q - a +0 halberd (weapon)
 S - a +7 spear
Missiles
 g - 41 bolts
 h - 177 stones
 m - 120 arrows
 v - 18 poisoned darts
 w - a large rock
 G - 3 boomerangs (quivered)
Armour
 b - a +0 hat (worn)
 e - a +0 robe
 n - a +1 cloak (worn)
 r - a +0 animal skin (worn)
Jewellery
 l - an uncursed ring of flight
 D - a ring of protection from cold (left hand)
 F - an uncursed amulet of guardian spirit {unknown}
 H - a ring of protection from magic (right hand)
Wands
 y - a wand of polymorph (10)
 O - a wand of disintegration (12)
Scrolls
 f - a scroll of blinking {unknown}
 j - 9 scrolls of identify
 p - 2 scrolls of magic mapping
 t - 2 scrolls of remove curse
 E - 2 scrolls of fear {unknown}
 J - 3 scrolls of teleportation
 M - a scroll of immolation {unknown}
 N - a scroll of amnesia
 R - a scroll of fog
Potions
 i - 3 potions of might {unknown}
 k - a potion of cancellation {unknown}
 o - 3 potions of curing {unknown}
 q - 2 potions of resistance {unknown}
 s - a potion of degeneration {unknown}
 u - a potion of lignification {unknown}
 x - a potion of brilliance {unknown}
 z - a potion of mutation {unknown}
 A - a potion of invisibility {unknown}
 B - a potion of haste {unknown}
 C - 4 potions of flight {unknown}
 P - 3 potions of agility {unknown}
Comestibles
 d - 17 rations


   Skills:
 + Level 4.0 Fighting
 + Level 1.2(2.3) Axes
 + Level 0.7(1.1) Maces & Flails
 + Level 2.8(3.0) Polearms
 + Level 2.1 Throwing
 * Level 5.0 Dodging
 - Level 1.4 Stealth
 + Level 7.3 Spellcasting
 * Level 4.9 Conjurations
 + Level 1.2 Hexes
 + Level 3.7 Summonings
 + Level 1.0 Translocations
 + Level 0.1 Poison Magic


You had 12 spell levels left.
You knew the following spells:

 Your Spells              Type           Power        Failure   Level  Hunger
a - Magic Dart            Conj           ####         1%          1    None
b - Blink                 Tloc           N/A          9%          2    None
c - Call Imp              Summ           ###.....     3%          2    None
d - Slow                  Hex            ##......     9%          2    None
e - Mephitic Cloud        Conj/Pois/Air  ##......     14%         3    #......

Your spell library contained the following spells:

 Spells                   Type           Power        Failure   Level  Hunger
 Conjure Flame            Conj/Fire      ###.....     10%         3    #......
 Venom Bolt               Conj/Pois      ###.......   65%         5    #####..
 Iskenderun's Battlesphe  Conj/Chrm      ###.....     67%         5    #####..
 Bolt of Magma            Conj/Fire/Erth ##........   78%         5    #####..
 Iron Shot                Conj/Erth      ###.......   99%         6    ######.
 Orb of Destruction       Conj           ####......   100%        7    #######
 Spellforged Servitor     Conj/Summ      ###.......   100%        7    #######


Dungeon Overview and Level Annotations

Branches:
Dungeon (8/15)             Temple (1/1) D:7           Sewer (visited)
   Lair: D:8-11

Altars:
Ashenzari
Cheibriados
Dithmenos
Elyvilon
Fedhas
Gozag
Hepliaklqana
Kikubaaqudgha
Nemelex Xobeh
Qazlal
Ru
Sif Muna
Trog
Uskayaw
Vehumet
Wu Jian
Xom
Yredelemnul
Zin
The Shining One

Annotations:
D:4 1 runed translucent door


Innate Abilities, Weirdness & Mutations

You are too large for most types of armour.
You have tough skin. (AC +1)


Message History

Confirm with . or Enter, or press ? or * to list all spells.
You miscast Call Imp.
You are very lightly contaminated with residual magic.
Distant voices call out to you!
A quokka comes into view.
You see here a ring of protection from magic.
An adder comes into view.
The adder hisses angrily.
The two-headed ogre hits you with a +0 giant spiked club!!
* * * LOW HITPOINT WARNING * * *
The two-headed ogre hits you with a +0 giant club!
* * * LOW HITPOINT WARNING * * *
A shadow imp comes into view.
The shadow imp hits you.
* * * LOW HITPOINT WARNING * * *
The shadow imp gestures at you.
You easily resist.
Your magical contamination has completely faded away.
The centaur warrior shoots an arrow.
The arrow hits you!!
You die...

## ..#.. .. #...# ..# .##### ...#
#.. .#...#### #..# #..
.#......##.#..# ### #.# #
...........#..# ##.## #.##.
.#..##..####..#####...#######.#..
....##.))...........c............
........[.<.....@.5O.S.r.........
.#..#...####..######.###.####.#.#
..........##..# #.# #.# #.#.#
..............# #.# #O# #.)..
###.......###.# #.# #.# #c#..
#.............# #.# #c# #O#.(
#.#.#.........# #.# #S# #=S..
...###.#####.## #.# #r# ###..
...≈≈#.# #.# #.# #.####....


You could see a centaur warrior, a two-headed ogre, an adder, a shadow imp and a
quokka.

Vanquished Creatures
  Grinder (D:5)
  2 hogs (D:6)
  A human (D:7)
  An ogre (D:4)
  3 centaurs
  3 bullfrogs
  A scorpion (D:8)
  A crimson imp (D:5)
  2 jellies (D:5)
  A hound (D:5)
  A bullfrog skeleton (D:6)
  An orc priest (D:3)
  4 orc wizards
  2 worker ants
  2 gnolls (D:7)
  6 adders
  A shadow imp (D:6)
  5 oozes
  4 worms
  2 adder skeletons
  5 leopard geckos
  3 orcs
  7 giant cockroaches
  3 hobgoblins (D:1)
  9 jackals
  8 kobolds
  4 quokkas
  2 ball pythons
  2 bats (D:1)
  4 frilled lizards
  6 goblins
  A kobold skeleton (D:4)
  A quokka zombie (D:5)
  8 rats
107 creatures vanquished.

Vanquished Creatures (collateral kills)
  2 hogs (D:6)
  A phantom (D:4)
  2 ogres
  A gnoll sergeant (D:8)
  3 hounds
  2 orc wizards
  An iguana (D:8)
  2 worker ants (D:4)
  2 hound zombies
  A worker ant zombie (D:5)
  Robin (D:2)
  A gnoll (D:8)
  6 adders
  A shadow imp (D:8)
  2 worms
  9 orcs
  6 goblins (D:2)
  A hobgoblin (D:2)
  4 jackals (D:6)
  4 ball pythons
52 creatures vanquished.

Vanquished Creatures (others)
  An orc wizard (D:6)
  A quokka (D:8)
2 creatures vanquished.

Grand Total: 161 creatures vanquished

Notes
Turn   | Place    | Note
-------+----------+-------------------------------------------
     0 | D:1      | Bronimir the Ogre Wizard began the quest for the Orb.
     0 | D:1      | Reached XP level 1. HP: 16/16 MP: 5/5
   143 | D:1      | Reached skill level 4 in Spellcasting
   170 | D:1      | Reached XP level 2. HP: 21/24 MP: 7/7
   489 | D:1      | Learned a level 2 spell: Blink
   492 | D:1      | Learned a level 2 spell: Call Imp
   495 | D:1      | Learned a level 2 spell: Slow
   693 | D:1      | Reached skill level 1 in Conjurations
  1072 | D:2      | Reached skill level 1 in Fighting
  1072 | D:2      | Reached XP level 3. HP: 27/33 MP: 2/8
  1669 | D:2      | Reached skill level 1 in Axes
  1824 | D:2      | Reached XP level 4. HP: 29/41 MP: 7/10
  1913 | D:2      | Learned a level 3 spell: Mephitic Cloud
  1941 | D:2      | Reached skill level 1 in Summonings
  2094 | D:2      | Noticed Robin
  2127 | D:2      | Killed Robin
  2810 | D:3      | Found an opulent altar of Gozag.
  2816 | D:3      | Found a glowing golden altar of the Shining One.
  3036 | D:3      | Reached XP level 5. HP: 25/49 MP: 2/12
  3909 | D:4      | Found a runed translucent door.
  3909 | D:4      | Noticed a human
  4007 | D:4      | Found a basalt altar of Yredelemnul.
  4028 | D:4      | Found a glowing drain.
  4166 | Sewer    | Entered a sewer
  4809 | Sewer    | Reached XP level 6. HP: 40/57 MP: 6/13
  4957 | Sewer    | Reached skill level 1 in Polearms
  5322 | D:4      | Reached skill level 1 in Throwing
  5329 | D:4      | Reached skill level 5 in Spellcasting
  5597 | D:4      | Noticed a phantom
  5640 | D:4      | Killed a phantom
  6177 | D:4      | Reached XP level 7. HP: 66/66 MP: 6/15
  6521 | D:5      | Entered Level 5 of the Dungeon
  6669 | D:5      | Noticed Grinder
  6689 | D:5      | Killed Grinder
  7007 | D:5      | Reached skill level 6 in Spellcasting
  7298 | D:5      | Reached XP level 8. HP: 69/74 MP: 15/17
  7340 | D:5      | Found a bloodstained altar of Trog.
  7356 | D:5      | Found a snail-covered altar of Cheibriados.
  9786 | D:7      | Found a staircase to the Ecumenical Temple.
  9795 | Temple   | Entered the Ecumenical Temple
 10128 | Temple   | Became a worshipper of Sif Muna the Loreminder
 10386 | D:7      | Reached skill level 1 in Translocations
 10825 | D:7      | Reached XP level 9. HP: 78/83 MP: 11/19
 11290 | D:7      | HP: 4/84 [gnoll/+0 halberd (4)]
 11644 | D:8      | Reached skill level 7 in Spellcasting
 11832 | D:8      | Reached skill level 1 in Hexes
 11918 | D:8      | Found a white marble altar of Elyvilon.
 11977 | D:8      | Reached skill level 5 in Dodging
 12301 | D:8      | Noticed a centaur warrior
 12313 | D:8      | Noticed a two-headed ogre
 12346 | D:8      | Shot with an arrow by a centaur warrior

Levels and vault maps discovered:
D:1:      ebering_trefoil_twist, layout_loops_cross
D:2:      layout_loops_ring, solitary_fountain, uniq_robin
D:3:      layout_loops_corners, minitemple, first_ration
D:4:      layout_gridville, cheibrodos_sewer_entry_bend, dk_yredelemnul_ordeal
D:5:      layout_loops_ring, chequers_temple_overflow_statue_of_worship,
          uniq_grinder
D:6:      layout_rooms
D:7:      layout_loops_cross, minmay_temple_entry_slanted, grunt_livestock
D:8:      layout_loops_ring, okawaru_ov_weapons_minmay, bloody_makhleb,
          serial_shops, shop_fountains, nicolae_ossuary_entry_ruins,
          elyvilon_altar_4, uniq_prince_ribbit1
Temple:   eino_temple_scatter_basement

Skill      XL: |  1  2  3  4  5  6  7  8  9 |
---------------+----------------------------+-----
Spellcasting   | 4 5 6 7 |  7.3
Dodging        | 2 3 4 5 |  5.0
Conjurations   | 1 2 3 4 |  4.9
Fighting       | 1 2 3 4 |  4.0
Axes           | 1 |  1.2
Summonings     | 1 2 3 |  3.7
Polearms       | 1 2 |  2.8
Throwing       | 1 2 |  2.1
Translocations | 1 |  1.0
Hexes          | 1 |  1.2
Maces & Flails | |  0.7
Stealth        | |  1.4
Poison Magic   | |  0.1

Action                   |  1- 3 |  4- 6 |  7- 9 || total
-------------------------+-------+-------+-------++-------
Melee: Hand axe          |    66 |       |     8 ||    74
       Spear             |     9 |   117 |    74 ||   200
       Great mace        |       |       |    47 ||    47
       Halberd           |       |       |    29 ||    29
Throw: Large rock        |       |    32 |     1 ||    33
       Stone             |       |    10 |       ||    10
       Boomerang         |       |       |    40 ||    40
 Cast: Magic Dart        |    33 |    73 |    82 ||   188
       Call Imp          |     2 |    38 |    60 ||   100
       Mephitic Cloud    |       |     6 |     3 ||     9
       Slow              |       |       |    12 ||    12
       Blink             |       |       |     5 ||     5
Evoke: Wand              |       |       |     2 ||     2
  Use: Scroll            |     2 |     5 |       ||     7
       Potion            |       |       |     2 ||     2
 Stab: Sleeping          |     2 |       |       ||     2
       Distracted        |       |     1 |     1 ||     2
       Confused          |       |     1 |       ||     1
  Eat: Chunk             |     3 |    11 |    14 ||    28
       Ration            |       |     1 |     2 ||     3
Armor: Robe              |    39 |    14 |       ||    53
       Animal skin       |       |    51 |    92 ||   143
Dodge: Dodged            |    62 |    86 |   174 ||   322
